[Event "Team 45 45 League T67"]
[Site "Internet Chess Club"]
[Date "2015.12.27"]
[Round "4"]
[White "Gilligan"]
[Black "SAC2001"]
[Result "1/2-1/2"]
[WhiteElo "1981"]
[BlackElo "1904"]
[Opening "English: Anglo-Grünfeld, Smyslov defense"]
[ECO "A15"]
[Time "22:00:35"]
[TimeControl "2700+45"]

1. c4 Nf6 2. g3 g6 3. Bg2 d5 4. cxd5 Nxd5 5. Nc3 Nxc3 6. bxc3 Bg7 7. Rb1 c6 8.
c4 O-O 9. Nf3 Qa5 10. Qc2 Nd7 11. O-O Nc5 12. d3 Bg4 13. Bd2 Qc7 14. h3 Bxf3 15.
Bxf3 Rad8 16. Rfd1 Ne6 17. Be3 Nd4 18. Bxd4 Bxd4 19. e3 Bg7 20. d4 e5 21. d5
cxd5 22. Bxd5 b6 23. e4 Rd6 24. c5 Rc8 25. c6 Bf8 26. Kg2 Rf6 27. Qa4 Bc5 28.
Rd2 Bd4 {Game drawn by mutual agreement} 1/2-1/2

[Event "Team 45 45 League T67"]
[Site "Internet Chess Club"]
[Date "2015.12.31"]
[Round "4"]
[White "Setne"]
[Black "frontier"]
[Result "1/2-1/2"]
[WhiteElo "2292"]
[BlackElo "1974"]
[Opening "Dutch"]
[ECO "A80"]
[Time "15:05:20"]
[TimeControl "2700+45"]

1. d4 f5 2. Nf3 Nf6 3. e3 d5 4. Be2 e6 5. O-O Bd6 6. c4 c6 7. b3 Qe7 8. Bb2 O-O
9. Qc1 a5 10. Ba3 Na6 11. Bxd6 Qxd6 12. c5 Qe7 13. a3 Bd7 14. Nc3 Rfb8 15. Na4
Nc7 16. b4 Be8 17. Ne5 Nd7 18. Nb6 Ra7 19. Nd3 Na8 20. bxa5 Rxa5 21. Qc3 Ra7 22.
Qb4 Qd8 23. Rfb1 Ndxb6 24. cxb6 Ra6 25. Qc5 Rxb6 26. Rxb6 Nxb6 27. a4 Nc4 28.
Nf4 Bf7 29. Bxc4 dxc4 30. Qe5 Qc8 31. a5 Ra8 32. Rc1 g5 33. Ne2 Qd8 34. Ra1 b5
35. a6 Ra7 36. Qc5 Qc7 37. Nc3 Qb7 38. h4 Rxa6 39. Rxa6 Qxa6 40. Qe7 Qa1+ 41.
Kh2 Qxc3 42. Qd8+ Kg7 43. Qxg5+ Kf8 44. Qd8+ Kg7 45. Qg5+ Kf8 46. Qd8+ Kg7 {Game
drawn by mutual agreement} 1/2-1/2

[Event "Team 45 45 League T67"]
[Site "Internet Chess Club"]
[Date "2015.12.29"]
[Round "4"]
[White "JJ12"]
[Black "allaboutthegyro"]
[Result "0-1"]
[WhiteElo "2081"]
[BlackElo "2002"]
[Opening "Owen defense"]
[ECO "B00"]
[Time "12:00:33"]
[TimeControl "2700+45"]

1. e4 b6 2. d4 Bb7 3. Bd3 e6 4. Nf3 c5 5. c3 Nf6 6. Qe2 Be7 7. O-O Nc6 8. a3 Na5
9. Nbd2 c4 10. Bc2 Qc7 11. e5 Nd5 12. Ne4 f5 13. exf6 gxf6 14. Bh6 Rg8 15. Ng3
O-O-O 16. Rfe1 Bd6 17. Qd2 Bf4 18. Bxf4 Nxf4 19. Qe3 f5 20. Rad1 Nd3 21. Bxd3 f4
22. Qe5 Bxf3 23. Be2 Bc6 24. Qxc7+ Kxc7 25. d5 Bxd5 26. Rxd5 exd5 27. Nf5 Rde8
28. Kf1 Nb3 29. Rd1 Re5 30. g4 fxg3 31. Nxg3 Rf8 32. Kg2 b5 33. Bf3 Nc5 34. Rd2
Nd3 35. Bg4 Nf4+ 36. Kf1 h5 37. Bd1 h4 38. Nh1 Rfe8 {White resigns} 0-1

[Event "Team 45 45 League T67"]
[Site "Internet Chess Club"]
[Date "2016.01.06"]
[Round "4"]
[White "Goli"]
[Black "zap2"]
[Result "1/2-1/2"]
[WhiteElo "1681"]
[BlackElo "1772"]
[Opening "King's Indian: fianchetto with ...Nd7"]
[ECO "E67"]
[Time "09:09:50"]
[TimeControl "2700+45"]

1. c4 Nf6 2. Nc3 d6 3. g3 g6 4. Bg2 Bg7 5. Nf3 O-O 6. d4 Nbd7 7. O-O Re8 8. e4
e5 9. d5 Nc5 10. Qc2 a5 11. Be3 b6 12. a3 a4 13. Bxc5 bxc5 14. Nxa4 Nxe4 15.
Nxe5 Nxg3 16. fxg3 Rxe5 17. Nc3 Bf5 18. Qd2 Qd7 19. a4 Bh3 20. Bxh3 Qxh3 21. Qg2
Qd7 22. Qd2 Rh5 23. a5 Bd4+ 24. Kh1 Qh3 25. Rf3 Qg4 26. Raf1 Be5 27. Ne2 f5 28.
Ra3 Qxc4 29. Rff3 {Game drawn by mutual agreement} 1/2-1/2

[Event "Team 45 45 League T67"]
[Site "Internet Chess Club"]
[Date "2015.12.26"]
[Round "4"]
[White "bradleyguo175"]
[Black "Egmont"]
[Result "1-0"]
[WhiteElo "1661"]
[BlackElo "1698"]
[Opening "QGD Slav: 4.Nc3"]
[ECO "D15"]
[Time "10:00:32"]
[TimeControl "2700+45"]

1. d4 d5 2. c4 c6 3. Nc3 Nf6 4. Nf3 a6 5. e3 b5 6. b3 Bg4 7. Be2 e6 8. O-O Bd6
9. h3 Bxf3 10. Bxf3 O-O 11. Bb2 Nbd7 12. e4 dxe4 13. Nxe4 Nxe4 14. Bxe4 Rc8 15.
Qf3 Qc7 16. Rac1 Nf6 17. Bd3 Qe7 18. a4 bxa4 19. bxa4 c5 20. d5 exd5 21. cxd5
Qb7 22. Bxf6 gxf6 23. Qg4+ Kh8 24. Qf5 {Black resigns} 1-0

[Event "Team 45 45 League T67"]
[Site "Internet Chess Club"]
[Date "2015.12.28"]
[Round "4"]
[White "AVEMARIA"]
[Black "uzi"]
[Result "0-1"]
[WhiteElo "1557"]
[BlackElo "1743"]
[Opening "Scandinavian: Marshall variation"]
[ECO "B01"]
[Time "15:30:37"]
[TimeControl "2700+45"]

1. e4 d5 2. exd5 Nf6 3. d4 Nxd5 4. Nf3 Bf5 5. c3 e6 6. Bd3 Bg6 7. O-O Nc6 8. Re1
Be7 9. a3 O-O 10. Bxg6 hxg6 11. Nbd2 Bf6 12. Ne4 Re8 13. Bg5 Bxg5 14. Nfxg5 f5
15. Nc5 Qxg5 16. Nxe6 Qf6 17. Nc5 Rxe1+ 18. Qxe1 b6 19. Nd3 Qe7 20. Qd2 Re8 21.
c4 Nf6 22. d5 Na5 23. Re1 Qd7 24. Ne5 Qd6 25. f4 Ne4 26. Qc2 Qc5+ 27. Kf1 Qd6
28. b4 Nb7 29. g4 Nd8 30. gxf5 gxf5 31. Qg2 Nf7 32. c5 bxc5 33. bxc5 Qxc5 {White
resigns} 0-1

[Event "Team 45 45 League T67"]
[Site "Internet Chess Club"]
[Date "2015.12.26"]
[Round "4"]
[White "mongmong"]
[Black "whiskeytown"]
[Result "0-1"]
[WhiteElo "1561"]
[BlackElo "1620"]
[Opening "King's Indian: 5.Nf3"]
[ECO "E90"]
[Time "22:04:44"]
[TimeControl "2700+45"]

1. d4 Nf6 2. Nf3 g6 3. c4 Bg7 4. Nc3 d6 5. e4 O-O 6. h3 e5 7. d5 Nbd7 8. Bg5 Qe8
9. Be2 Nc5 10. Nd2 a6 11. O-O c6 12. Be3 cxd5 13. cxd5 Bd7 14. Bxc5 dxc5 15. Rc1
b5 16. b3 Bh6 17. f3 Bf4 18. Qc2 Qc8 19. g4 h5 20. Kg2 hxg4 21. hxg4 Kg7 22. Rh1
Rh8 23. Rxh8 Qxh8 24. Rh1 Qc8 25. Nf1 Qc7 26. Nd1 Rh8 27. Rxh8 Kxh8 28. Nfe3 Qc8
29. a3 Qf8 30. Nf1 Nh7 31. Nf2 f5 32. Nh3 fxg4 33. fxg4 g5 34. Qd3 Qc8 35. Qf3
Nf6 36. Nxf4 Bxg4 37. Ng6+ Kg7 38. Qg3 Kxg6 39. Bxg4 Qxg4 40. Qxg4 Nxg4 41. Kf3
Nf6 42. Ne3 Kh5 43. Nf5 g4+ 44. Ke3 Kg5 45. Nd6 Kh4 46. Nf7 Nd7 47. Nh6 g3 48.
Nf5+ Kh3 49. Kf3 g2 {White resigns} 0-1

[Event "Team 45 45 League T67"]
[Site "Internet Chess Club"]
[Date "2016.01.05"]
[Round "4"]
[White "gyu123987kool"]
[Black "ticopatzer"]
[Result "0-1"]
[WhiteElo "1815"]
[BlackElo "1773"]
[Opening "Sicilian: Labourdonnais-Löwenthal (Kalashnikov) variation"]
[ECO "B32"]
[Time "18:15:17"]
[TimeControl "2700+45"]

1. e4 c5 2. Nf3 Nc6 3. d4 cxd4 4. Nxd4 e5 5. Nb5 d6 6. N1c3 a6 7. Na3 Nf6 8. Bg5
Be7 9. Bxf6 Bxf6 10. Nd5 O-O 11. Nc4 Rb8 12. Nxf6+ Qxf6 13. Qxd6 Be6 14. Bd3
Rfd8 15. Qa3 Bxc4 16. Bxc4 Qg6 17. O-O Qxe4 18. Bd3 Qf4 19. g3 Qf6 20. Rae1 Nd4
21. f4 Qe6 22. Rxe5 Qb6 23. Kg2 Nxc2 24. Rh5 {White resigns} 0-1

[Event "Team 45 45 League T67"]
[Site "Internet Chess Club"]
[Date "2015.12.24"]
[Round "4"]
[White "rayonline53"]
[Black "anishio"]
[Result "1-0"]
[WhiteElo "1488"]
[BlackElo "1747"]
[Opening "Evans gambit"]
[ECO "C52"]
[Time "11:00:41"]
[TimeControl "2700+45"]

1. e4 e5 2. Bc4 Bc5 3. Nf3 Nc6 4. b4 Bxb4 5. c3 Ba5 6. d4 exd4 7. O-O Nge7 8.
cxd4 Ng6 9. Bb2 Qe7 10. Nc3 O-O 11. Qd2 Qb4 12. Bb3 d6 13. h3 Bd7 14. Rad1 Rad8
15. Qc1 Nce7 16. e5 dxe5 17. Nxe5 Nxe5 18. dxe5 Ng6 19. f4 Qb6+ 20. Kh2 Nh4 21.
Nd5 Qb5 22. Bc4 Qc5 23. Bd4 Bd2 24. Rxd2 Qa5 25. Bc3 Qc5 26. Bb4 {Black resigns}
1-0

[Event "Team 45 45 League T67"]
[Site "Internet Chess Club"]
[Date "2015.12.28"]
[Round "4"]
[White "LN09102Q"]
[Black "werty"]
[Result "1-0"]
[WhiteElo "1690"]
[BlackElo "1577"]
[Opening "Caro-Kann: advance variation"]
[ECO "B12"]
[Time "14:33:01"]
[TimeControl "2700+45"]

1. e4 c6 2. d4 d5 3. e5 Bf5 4. Nf3 e6 5. Be2 Nd7 6. O-O Ne7 7. Be3 h6 8. Nbd2
Qb6 9. Nb3 g5 10. Bd3 Bg7 11. Rb1 O-O-O 12. Nc5 g4 13. Nxd7 Rxd7 14. Nh4 Bxd3
15. Qxd3 f5 16. exf6 Bxf6 17. Ng6 Nxg6 18. Qxg6 Bxd4 19. Qxe6 h5 20. c3 Bxe3 21.
fxe3 Qd8 22. Rf7 Re8 23. Qxd7+ Qxd7 24. Rxd7 Kxd7 25. Kf2 Ke6 26. Re1 Kf5 27. g3
b5 28. Ke2 Kg6 29. Rf1 Re7 30. Rf8 Rc7 31. Kd3 Kg5 32. Kd4 h4 33. Rg8+ Kh5 34.
Rh8+ Kg5 35. Rxh4 {Black resigns} 1-0

[Event "Team 45 45 League T67"]
[Site "Internet Chess Club"]
[Date "2015.12.24"]
[Round "4"]
[White "Electryon"]
[Black "FosterChess"]
[Result "1/2-1/2"]
[WhiteElo "1422"]
[BlackElo "1484"]
[Opening "King's Indian: Torre attack"]
[ECO "A48"]
[Time "16:00:36"]
[TimeControl "2700+45"]

1. d4 Nf6 2. Nf3 g6 3. Bg5 Bg7 4. Qd2 O-O 5. Bh6 d5 6. Bxg7 Kxg7 7. e3 Bf5 8.
Be2 Nc6 9. O-O Qd6 10. Na3 Ng4 11. h3 Nf6 12. c4 Ne4 13. Qd1 Rad8 14. Nd2 Qf6
15. cxd5 Rxd5 16. Bf3 Qe6 17. g4 Nxd2 18. Qxd2 Be4 19. Qe2 f5 20. Nc4 fxg4 21.
Bxe4 Qxe4 22. hxg4 Qf3 23. Qxf3 Rxf3 24. Nd2 Rh3 25. Kg2 Rh4 26. Kg3 Rh6 27. Rh1
e5 28. Nf3 exd4 29. Rxh6 Kxh6 30. Rd1 d3 31. Rd2 Nb4 32. a3 Nc2 33. Kf4 Rb5 34.
Rxd3 Rxb2 35. Rd2 Ra2 36. Nd4 Nb4 37. Rxa2 Nxa2 38. Nb5 c5 39. Nxa7 c4 40. Nb5
c3 41. Nd4 b5 42. e4 b4 43. axb4 Nxb4 44. Ke3 c2 45. Kd2 Kg5 46. f3 h5 47. gxh5
gxh5 48. e5 Kg6 49. f4 h4 50. f5+ Kf7 51. Nf3 h3 52. Nh2 Ke7 53. f6+ Ke6 54. Nf3
Kf7 55. Nh2 c1=Q+ 56. Kxc1 Nd3+ 57. Kd2 Nxe5 58. Ke2 Kxf6 59. Kf2 Nf7 60. Kg3
Ng5 61. Nf3 Nxf3 62. Kxh3 {Game drawn because neither player has mating
material} 1/2-1/2

[Event "Team 45 45 League T67"]
[Site "Internet Chess Club"]
[Date "2016.01.02"]
[Round "4"]
[White "Portola"]
[Black "Lrn2Mate"]
[Result "1-0"]
[WhiteElo "1689"]
[BlackElo "1592"]
[Opening "Queen's pawn game"]
[ECO "A45"]
[Time "09:00:06"]
[TimeControl "2700+45"]

1. d4 Nf6 2. c3 g6 3. Nf3 Bg7 4. Bg5 d5 5. e3 Nbd7 6. Nbd2 O-O 7. Bd3 c5 8. O-O
b6 9. Re1 Bb7 10. Qe2 Re8 11. Bb5 a6 12. Bxd7 Qxd7 13. Ne5 Qf5 14. Bh4 Nd7 15.
Nxd7 Qxd7 16. f4 Rac8 17. Rac1 e6 18. Nf3 f6 19. Bg3 a5 20. a3 b5 21. Qd2 Qc7
22. f5 Qf7 23. fxg6 Qxg6 24. Bf2 Ba6 25. dxc5 Rxc5 26. e4 Bh6 27. Be3 dxe4 28.
Nh4 Qh5 29. Bxh6 Qxh4 30. Qd7 Qxh6 31. Qxe8+ Kg7 32. Qe7+ Kg6 33. Qxc5 f5 34.
Qc6 {Black resigns} 1-0

[Event "Team 45 45 League T67"]
[Site "Internet Chess Club"]
[Date "2015.12.31"]
[Round "4"]
[White "tryanything"]
[Black "medsurg"]
[Result "1-0"]
[WhiteElo "1607"]
[BlackElo "1346"]
[Opening "King's pawn game"]
[ECO "C50"]
[Time "18:01:12"]
[TimeControl "2700+45"]

1. e4 e5 2. Nf3 Nc6 3. Bc4 d5 4. Bxd5 Nf6 5. Bxc6+ bxc6 6. d3 Bc5 7. h3 h6 8.
O-O Qe7 9. Nbd2 Be6 10. b3 Nd7 11. Bb2 f6 12. d4 exd4 13. Nxd4 Bxd4 14. Bxd4 c5
15. Be3 Rd8 16. c4 Ne5 17. Qe2 g5 18. f4 Nc6 19. f5 Bf7 20. Qf2 Nd4 21. Nf3 O-O
22. Nxd4 cxd4 23. Bxd4 Rxd4 24. Qxd4 c5 25. Qe3 Be8 26. Rae1 Bc6 27. e5 Re8 28.
e6 {Black resigns} 1-0

[Event "Team 45 45 League T67"]
[Site "Internet Chess Club"]
[Date "2015.12.31"]
[Round "4"]
[White "mandrull"]
[Black "kidviper"]
[Result "0-1"]
[WhiteElo "1660"]
[BlackElo "1950"]
[Opening "Pirc: classical (two knights) system"]
[ECO "A48"]
[Time "08:04:01"]
[TimeControl "2700+45"]

1. d4 Nf6 2. Nf3 g6 3. Nc3 Bg7 4. e4 d6 5. Be3 O-O 6. Qd2 c6 7. Bh6 Qa5 8. Bxg7
Kxg7 9. Be2 Nbd7 10. h4 h5 11. O-O-O b5 12. Qf4 b4 13. e5 bxc3 14. exf6+ Nxf6
15. Bc4 Nd5 16. Bxd5 cxd5 17. bxc3 Qxc3 18. Qe3 Qc7 19. Rd3 Bf5 20. Rc3 Qa5 21.
Ra3 Qc7 22. Rc3 Qd7 23. Re1 Rfc8 24. Rxc8 Rxc8 25. Re2 Qc6 26. Qb3 Qa6 27. Kd1
Rc7 28. Ne1 Rb7 29. Qc3 Qxa2 30. Nd3 Bxd3 31. Qxd3 Qc4 32. Qxc4 dxc4 33. d5 Kf6
34. Re4 Rc7 35. Kd2 e6 36. dxe6 fxe6 37. Rf4+ Ke7 38. Kc3 e5 39. Rf3 Rc6 40. g4
hxg4 41. Rg3 d5 42. Rxg4 Rf6 43. Rg5 Kd6 44. h5 gxh5 45. Rxh5 Rxf2 46. Rh7 d4+
47. Kxc4 Rxc2+ 48. Kd3 Rc3+ 49. Kd2 a5 50. Rh6+ Kd5 51. Ra6 Ra3 52. Ra8 Ke4 53.
Rh8 Ra2+ 54. Ke1 Kd3 55. Rh3+ Kc4 56. Rh5 e4 57. Re5 Kd3 {White resigns} 0-1

[Event "Team 45 45 League T67"]
[Site "Internet Chess Club"]
[Date "2015.12.23"]
[Round "4"]
[White "kidcobra"]
[Black "tuantuan"]
[Result "1-0"]
[WhiteElo "1867"]
[BlackElo "1540"]
[Opening "Evans gambit: Tartakower attack"]
[ECO "C52"]
[Time "11:40:25"]
[TimeControl "2700+45"]

1. e4 e5 2. Nf3 Nc6 3. Bc4 Bc5 4. b4 Bxb4 5. c3 Ba5 6. d4 d6 7. Qb3 Qd7 8. O-O
Bb6 9. Bb5 a6 10. Ba4 Ba7 11. d5 b5 12. Bxb5 axb5 13. dxc6 Qxc6 14. Ng5 Be6 15.
Nxe6 fxe6 16. Qxe6+ Ne7 17. Na3 Qxe4 18. Bg5 Qf5 19. Qxe7# {Black checkmated}
1-0

[Event "Team 45 45 League T67"]
[Site "Internet Chess Club"]
[Date "2015.12.28"]
[Round "4"]
[White "okieman888"]
[Black "KidRattler"]
[Result "1-0"]
[WhiteElo "1573"]
[BlackElo "1660"]
[Opening "Ruy Lopez: Schliemann defense, Berger variation"]
[ECO "C63"]
[Time "20:05:01"]
[TimeControl "2700+45"]

1. e4 e5 2. Nf3 Nc6 3. Bb5 f5 4. Nc3 fxe4 5. Nxe4 d5 6. Nxe5 dxe4 7. Nxc6 Qg5 8.
Qe2 Nf6 9. Ne5+ c6 10. f4 Qh4+ 11. g3 Qh3 12. Bc4 Bd6 13. Nf7 Bc5 14. Nxh8 Bf5
15. Nf7 h6 16. d4 Be7 17. Ne5 O-O-O 18. Be3 Bd6 19. O-O-O a5 20. Qf1 Qh5 21. Bf7
Qh3 22. Qxh3 Bxh3 23. Bc4 Bxe5 24. dxe5 Nd5 25. Bxd5 Rxd5 26. Rxd5 cxd5 27. Rd1
g5 28. Rxd5 gxf4 29. gxf4 h5 30. Rxa5 b5 31. Rxb5 h4 32. Rb4 Bf1 33. Rxe4 h3 34.
e6 Bb5 35. f5 Kb7 36. f6 Ka6 37. f7 Ka5 38. Re5 Ka4 39. Rxb5 Kxb5 40. f8=Q Kc4
41. Qc5# {Black checkmated} 1-0

[Event "Team 45 45 League T67"]
[Site "Internet Chess Club"]
[Date "2015.12.28"]
[Round "4"]
[White "BJJ"]
[Black "zorori"]
[Result "0-1"]
[WhiteElo "1445"]
[BlackElo "1383"]
[Opening "KGA: Allgaier gambit"]
[ECO "C39"]
[Time "18:18:26"]
[TimeControl "2700+45"]

1. e4 e5 2. f4 exf4 3. Nf3 g5 4. h4 g4 5. Ng5 Nh6 6. Bc4 d6 7. d4 Bd7 8. Bxf4
Bg7 9. Nc3 Nc6 10. Be3 Qe7 11. Nd5 Qd8 12. Rf1 Na5 13. Qe2 Be6 14. Nxe6 fxe6 15.
Bg5 Qd7 16. Bxh6 exd5 17. Bxg7 Rg8 18. exd5+ Kd8 19. Bf6+ Kc8 20. O-O-O Re8 21.
Qd3 c6 22. dxc6 Nxc6 23. Rfe1 Kc7 24. Bb5 a6 25. Bxc6 bxc6 26. Rxe8 Rxe8 27.
Qxa6 Kb8 28. Rd3 Kc7 29. Qa7+ Kc8 30. Qa8+ Kc7 31. Ra3 Rxa8 32. Rxa8 Qf5 33. Rf8
Qf1+ 34. Kd2 Qxg2+ 35. Kc3 Qf3+ 36. Kd2 Qg2+ 37. Kc3 Qh3+ 38. Kd2 g3 39. Rf7+
Kc8 40. Rg7 Qh2+ 41. Kd3 g2 42. Rg8+ Kb7 43. Rg7+ Ka6 44. Rg8 g1=Q 45. Rxg1 Qxg1
46. Bg5 Qg3+ 47. Kc4 Qe1 48. Kb3 Qe4 49. c3 c5 50. dxc5 dxc5 51. a3 c4+ 52. Ka2
Qc2 53. Bf6 Kb5 54. Bg5 Kc6 55. Be7 Kd7 56. Bg5 Ke6 57. Ka1 Kf5 58. Ka2 Kg6 59.
Bd8 Qb3+ 60. Ka1 Qb8 61. Be7 Qc7 62. Bg5 h6 63. Bxh6 Kxh6 64. Kb1 Kh5 65. Kc2
Kxh4 66. a4 Qa5 67. b3 cxb3+ 68. Kxb3 Kg5 69. c4 Kf6 70. Kc2 Qxa4+ 71. Kd3 Ke6
72. Kd4 Kd6 73. Kc3 Kc5 74. Kb2 Qxc4 75. Ka1 Qe2 76. Kb1 Kb4 77. Kc1 Kc3 78. Kb1
Qb2# {White checkmated} 0-1

[Event "Team 45 45 League T67"]
[Site "Internet Chess Club"]
[Date "2015.12.25"]
[Round "4"]
[White "Elton2013"]
[Black "Ajolote"]
[Result "1-0"]
[WhiteElo "1769"]
[BlackElo "1678"]
[Opening "Bogo-Indian defense"]
[ECO "E11"]
[Time "12:18:12"]
[TimeControl "2700+45"]

1. d4 Nf6 2. c4 e6 3. Nf3 Bb4+ 4. Bd2 Bxd2+ 5. Nbxd2 O-O 6. e3 Nc6 7. Bd3 d6 8.
O-O Bd7 9. a3 Re8 10. Qc2 e5 11. dxe5 Nxe5 12. Nxe5 dxe5 13. Ne4 h6 14. Rad1 Qe7
15. Nxf6+ gxf6 16. Qe2 Rad8 17. Qh5 Qf8 18. f4 Qg7 19. h3 exf4 20. Rxf4 Re5 21.
Bf5 Qg5 22. Rg4 Rxf5 23. Rxg5+ Rxg5 24. Qxh6 Rg6 25. Qf4 Kh7 26. Qxc7 Rdg8 27.
Qxd7 Rxg2+ 28. Kh1 R8g7 29. Qxb7 R2g3 30. Kh2 Rxe3 31. Rd2 Re5 32. Rg2 Reg5 33.
Rxg5 fxg5 34. Qxa7 f5 35. Qc5 Rf7 36. Qd5 Rf6 37. b4 {Black resigns} 1-0

[Event "Team 45 45 League T67"]
[Site "Internet Chess Club"]
[Date "2015.12.24"]
[Round "4"]
[White "nidusin2"]
[Black "viktory"]
[Result "1-0"]
[WhiteElo "1600"]
[BlackElo "1710"]
[Opening "QGD: Semi-Tarrasch defense"]
[ECO "D40"]
[Time "20:10:55"]
[TimeControl "2700+45"]

1. d4 d5 2. Nf3 Nf6 3. c4 e6 4. Nc3 c5 5. dxc5 Bxc5 6. e3 O-O 7. a3 a5 8. cxd5
exd5 9. Be2 Nc6 10. Nb5 Re8 11. O-O Ne5 12. Re1 Bd7 13. Nbd4 Nxf3+ 14. Bxf3 Bxd4
15. Qxd4 Bf5 16. b3 Be4 17. Be2 Rc8 18. Bb2 Qd7 19. Rac1 Rxc1 20. Rxc1 Rc8 21.
Rxc8+ Qxc8 22. Qc3 Qxc3 23. Bxc3 b6 24. Bd4 Nd7 25. Bb5 Nc5 26. b4 axb4 27. axb4
Nd3 28. f3 Bg6 29. Bc3 Kf8 30. Bc6 Nc1 31. Kf2 Nd3+ 32. Ke2 f6 33. Bxd5 Ne5 34.
Bxe5 fxe5 35. Kd2 Ke7 36. Kc3 Kd6 37. Bg8 Kc6 38. Kc4 b5+ 39. Kc3 Kd6 40. g3 h6
41. f4 Bf5 42. Bf7 Bd7 43. Bg6 Be6 44. Be4 Bd5 45. fxe5+ Kxe5 46. Bxd5 Kxd5 47.
Kd3 Ke5 48. e4 h5 49. h3 g5 50. h4 g4 51. Ke3 Ke6 52. Kd4 Kd6 53. e5+ Ke6 54.
Ke4 Ke7 55. Kd5 Kd8 56. Kc6 Ke7 57. Kxb5 Ke6 58. Kc6 Kxe5 59. b5 Ke4 60. b6 Kf3
61. b7 Kxg3 62. b8=Q+ Kxh4 63. Qh2+ Kg5 64. Kd5 h4 65. Ke4 g3 66. Qh3 Kh5 67.
Kf4 Kg6 68. Qxh4 Kf7 69. Qxg3 Ke6 70. Qg5 Kd6 71. Ke4 Kc6 72. Kd4 Kb6 73. Kc4
Ka7 74. Qf6 Kb7 75. Kc5 Ka7 76. Kb5 Ka8 77. Kb6 Kb8 78. Qf8# {Black checkmated}
1-0

[Event "Team 45 45 League T67"]
[Site "Internet Chess Club"]
[Date "2015.12.28"]
[Round "4"]
[White "Littlemon"]
[Black "fireball"]
[Result "1-0"]
[WhiteElo "1579"]
[BlackElo "1597"]
[Opening "Queen's pawn: Keres defense"]
[ECO "A40"]
[Time "10:34:28"]
[TimeControl "2700+45"]

1. d4 e6 2. c4 b6 3. Nc3 Bb7 4. e4 g6 5. Bd3 Bg7 6. Nge2 Ne7 7. Bg5 h6 8. Bh4 g5
9. Bg3 Nbc6 10. d5 Ne5 11. Nb5 a6 12. Nbc3 f5 13. f3 f4 14. Bf2 exd5 15. exd5 d6
16. Qc2 Nxd3+ 17. Qxd3 Bc8 18. Bd4 O-O 19. Bxg7 Kxg7 20. O-O-O Bf5 21. Ne4 Ng6
22. Qc3+ Ne5 23. Nd4 Bd7 24. h4 g4 25. Ne6+ Bxe6 26. dxe6 Qe7 27. c5 bxc5 28.
Nxc5 Rf6 29. fxg4 dxc5 30. Qxe5 Qxe6 31. Qxe6 Rxe6 32. Rd7+ Kf6 33. Rxc7 Rae8
34. Rxc5 Re1+ 35. Rxe1 Rxe1+ 36. Kc2 Re2+ 37. Kb3 Rxg2 38. Rf5+ Kg6 39. Rxf4 Rh2
40. h5+ Kg5 41. Ra4 Rg2 42. Rxa6 Rxg4 43. Ra5+ Kh4 44. Ra4 Kxh5 45. Rxg4 Kxg4
46. a4 h5 47. a5 h4 48. a6 h3 49. a7 h2 50. a8=Q Kg3 51. Qh1 {Black resigns} 1-0

[Event "Team 45 45 League T67"]
[Site "Internet Chess Club"]
[Date "2015.12.30"]
[Round "4"]
[White "DarthDaver"]
[Black "G-force"]
[Result "1/2-1/2"]
[WhiteElo "1996"]
[BlackElo "2142"]
[Opening "Sicilian: Najdorf, Byrne (English) attack"]
[ECO "B90"]
[Time "14:00:24"]
[TimeControl "2700+45"]

1. e4 c5 2. Nf3 d6 3. d4 cxd4 4. Nxd4 Nf6 5. Nc3 a6 6. Be3 e5 7. Nb3 Be6 8. f3
h5 9. Qd2 Nbd7 10. O-O-O Be7 11. Kb1 Rc8 12. f4 b5 13. Bd3 Qc7 14. h3 h4 15.
Rhe1 Bc4 16. Bf2 Kf8 17. a3 Kg8 18. Be2 g6 19. Bf3 Rh7 20. Nd5 Nxd5 21. exd5
Bxb3 22. cxb3 Qd8 23. Be3 f5 24. Rc1 e4 25. Rxc8 Qxc8 26. Rc1 Qb7 27. Bd1 Nf6
28. b4 Ne8 29. Bb3 Bf6 30. Rc6 Kf8 31. Bb6 Rd7 32. Qf2 Rg7 33. a4 Rd7 34. Qe2
Bd8 35. a5 Bxb6 36. Rxb6 Qa7 37. Qf2 Rb7 38. Qd4 Rxb6 39. axb6 Qb7 40. Kc2 Kf7
41. Kd2 Nf6 42. Ke2 Nd7 43. Qh8 Qxb6 44. Qh7+ Ke8 45. Qxg6+ Kd8 46. Qg7 Kc8 47.
Qc3+ Qc7 48. Kf2 Qxc3 49. bxc3 Kd8 50. g4 fxg4 51. hxg4 Nf6 52. g5 h3 53. Bd1
Nxd5 54. g6 Ke7 55. g7 Nf6 56. Bh5 Ng8 57. Kg3 Kf6 58. Kxh3 Kxg7 59. Be2 Ne7 60.
c4 Nc6 61. cxb5 axb5 62. Bxb5 Nxb4 63. Kg4 Kf6 64. Bd7 d5 65. Bc8 Na2 66. Bb7
Nc3 67. Bc6 d4 68. Bxe4 Nxe4 69. Kf3 d3 70. Ke3 d2 71. Ke2 Kf5 72. Ke3 d1=Q
{White stalemated} 1/2-1/2

[Event "Team 45 45 League T67"]
[Site "Internet Chess Club"]
[Date "2015.12.25"]
[Round "4"]
[White "jonesey"]
[Black "ShootStraight"]
[Result "1-0"]
[WhiteElo "1981"]
[BlackElo "1950"]
[Opening "Sicilian defense"]
[ECO "B20"]
[Time "14:32:09"]
[TimeControl "2700+45"]

1. e4 c5 2. c4 g6 3. g3 Bg7 4. Bg2 Nc6 5. Ne2 d6 6. Nbc3 Nf6 7. d3 O-O 8. O-O
Re8 9. Rb1 Nd7 10. a3 a5 11. Be3 Nf8 12. d4 cxd4 13. Nxd4 Bd7 14. Nd5 Nxd4 15.
Bxd4 Bxd4 16. Qxd4 Ne6 17. Qb6 Bc6 18. b4 axb4 19. axb4 Qxb6 20. Nxb6 Ra6 21.
Nd5 Ra2 22. Ra1 Rc2 23. Ne3 Rb2 24. b5 Bd7 25. e5 dxe5 26. Bxb7 Nc5 27. Rfd1
Bxb5 28. Bg2 Ba4 29. Rd5 Rc8 30. Rxe5 Bb3 31. Rxe7 Nd3 32. Bd5 Rxf2 33. Ng4 Rc2
34. Rxf7 {Black resigns} 1-0

[Event "Team 45 45 League T67"]
[Site "Internet Chess Club"]
[Date "2016.01.03"]
[Round "4"]
[White "bobhill"]
[Black "fledermaus"]
[Result "1/2-1/2"]
[WhiteElo "1944"]
[BlackElo "1884"]
[Opening "Queen's bishop game"]
[ECO "D02"]
[Time "10:00:32"]
[TimeControl "2700+45"]

1. d4 d5 2. Nf3 Nf6 3. Bf4 c5 4. e3 Nc6 5. c3 Qb6 6. Qb3 c4 7. Qxb6 axb6 8. Na3
Na7 9. Be2 Bf5 10. Nh4 Bd7 11. O-O e6 12. Nc2 Nc6 13. Nf3 Ne4 14. Ng5 Nxg5 15.
Bxg5 f6 16. Bh4 b5 17. Bh5+ Ke7 18. Bf3 g5 19. Bg3 f5 20. h4 g4 21. Be2 Kf6 22.
f3 gxf3 23. Bxf3 Rg8 24. Bf4 Kg7 25. a3 h6 26. Nb4 Ne7 27. h5 Kh7 28. Be5 Bg7
29. Bd6 Nc8 30. Bh2 Ne7 31. Kh1 Bh8 32. Bd6 Rae8 33. Rg1 Nc8 34. Bc7 Ref8 35.
Raf1 Bf6 36. Nc2 Bh4 37. Kh2 Rf7 38. Be5 Be8 39. g3 Be7 40. Nb4 Nb6 41. Kh3 Na4
42. Rf2 Bg5 43. Bf4 Rfg7 44. Re2 Bd8 45. Reg2 Bg5 46. Re1 Bd8 47. g4 fxg4+ 48.
Rxg4 Nxb2 49. Re2 Na4 50. Na2 Bg5 51. Be5 Bxh5 52. Bxg7 Bxg4+ 53. Bxg4 Kxg7 54.
Bxe6 Re8 55. Bxd5 Rxe3+ 56. Rxe3 Bxe3 57. Bxb7 Bd2 58. d5 Kf6 59. Ba6 Nxc3 60.
Nxc3 Bxc3 61. Bxb5 Bb2 62. a4 c3 63. Bd3 Ke5 64. Kg4 Kxd5 65. Bc2 Kc5 66. Kh5
Bc1 67. Kg4 Kb4 68. Kh5 Be3 69. Kg6 Ka3 70. a5 Kb2 {Game drawn by mutual
agreement} 1/2-1/2

[Event "Team 45 45 League T67"]
[Site "Internet Chess Club"]
[Date "2015.12.30"]
[Round "4"]
[White "Sempigreen"]
[Black "Otelo"]
[Result "1-0"]
[WhiteElo "1753"]
[BlackElo "1775"]
[Opening "Sicilian defense"]
[ECO "B40"]
[Time "20:01:36"]
[TimeControl "2700+45"]

1. e4 c5 2. Nf3 e6 3. Nc3 Nc6 4. Bb5 Nge7 5. d4 cxd4 6. Nxd4 Nxd4 7. Qxd4 a6 8.
Be2 Qc7 9. Be3 Nc6 10. Qb6 Qxb6 11. Bxb6 Bb4 12. O-O-O Ba5 13. Na4 Bxb6 14. Nxb6
Rb8 15. Rd6 Ke7 16. Rhd1 Rd8 17. c3 f6 18. Bc4 Ne5 19. Bxe6 Re8 20. Bf5 Nf7 21.
Nxc8+ Rexc8 22. Rxd7+ Ke8 23. Be6 Ng5 24. Bb3 Rd8 25. Rxg7 Rxd1+ 26. Kxd1 Rd8+
27. Bd5 b6 28. Rg8+ Ke7 29. Rxd8 Kxd8 30. f4 {Black resigns} 1-0